 Dungeon Crawl Stone Soup version 0.32-a0-470-g255bbe2f98 (webtiles) character file.

Game seed: 7025408113793507043

8870 Yeti the Unseen (level 11, -3/64 HPs)
             Began as an Octopode Brigand on Feb 25, 2024.
             Was an Elder of Dithmenos.
             Slain by a warg (21 damage)
             ... on level 1 of the Orcish Mines.
             The game lasted 00:50:06 (9667 turns).

Yeti the Unseen (Octopode Brigand)                  Turns: 9667, Time: 00:50:06

Health: -3/64      AC:  8    Str: 14    XL:     11   Next: 37%
Magic:  20/20      EV: 25    Int: 13    God:    Dithmenos [****..]
Gold:   620        SH:  0    Dex: 21    Spells: 10/10 levels left

rFire   . . .        a - +2 dagger (protect)
rCold   + . .        (no shield)
rNeg    + . .        (helmet restricted)
rPois   .            (no amulet)
rElec   .            m - ring of positive energy
rCorr   .            i - ring of flight
SInv    .            u - +6 ring of dexterity
Will    +....        w - ring of protection from cold Stlth *+++++++++
                     l - ring of willpower
HPRegen 0.30/turn    y - +5 ring of evasion
MPRegen 0.17/turn    E - ring of magical power
                     (no ring)

%: no passive effects
@: under a protective aura, flying, wreathed by umbra, studying Alchemy
A: almost no armour, amphibious, 8 rings, camouflage 1, gelatinous body 1,
(nimble swimmer 1), tentacles
a: Renounce Religion, Shadow Step


You were on level 1 of the Orcish Mines.
You worshipped Dithmenos.
Dithmenos was greatly pleased with you.
You visited 3 branches of the dungeon, and saw 12 of its levels.

You collected 620 gold pieces.

Inventory:

Hand Weapons
 a - a +2 dagger of protection (weapon)
Missiles
 b - 96 poisoned darts
 c - 10 curare-tipped darts (quivered)
Jewellery
 i - a ring of flight (right tentacle)
 l - a ring of willpower (on tentacle)
 m - a ring of positive energy (left tentacle)
 u - a +6 ring of dexterity (on tentacle)
 w - a ring of protection from cold (on tentacle)
 y - a +5 ring of evasion (on tentacle)
 A - a ring of ice
 E - a ring of magical power (on tentacle)
Wands
 h - a wand of mindburst (13)
 r - a wand of roots (12)
 C - a wand of flame (16)
Scrolls
 d - a scroll of fear
 B - a scroll of teleportation
Potions
 e - 3 potions of invisibility
 g - 2 potions of attraction
 n - a potion of resistance {unknown}
 o - a potion of haste {unknown}
 p - 3 potions of heal wounds {unknown}
 q - 2 potions of brilliance {unknown}
 t - 2 potions of enlightenment {unknown}
 D - 2 potions of mutation {unknown}
Miscellaneous
 f - a tin of tremorstones (2/2)


   Skills:
 - Level 2.0 Fighting
 * Level 10.3 Short Blades
 - Level 2.0 Throwing
 * Level 10.0 Dodging
 + Level 15.1 Stealth


You had 10 spell levels left.
You didn't know any spells.
Your spell library contained the following spells:

 Spells                   Type           Power      Damage    Failure   Level
 Call Imp                 Summ           0%         N/A       43%         2
 Ensorcelled Hibernation  Hex/Ice        0%         N/A       43%         2
 Sublimation of Blood     Necr           0%         N/A       43%         2
 Fugue of the Fallen      Necr           0%         N/A       67%         3
 Hailstorm                Conj/Ice       0%         3d5       67%         3
 Summon Ice Beast         Ice/Summ       0%         N/A       67%         3
 Volatile Blastmotes      Fire/Tloc      0%         2d10      67%         3
 Anguish                  Hex/Necr       0%         N/A       97%         4
 Fulminant Prism          Conj/Alch      0%         3d5       97%         4
 Iskenderun's Mystic Bla  Conj/Tloc      0%         2d3       97%         4
 Sculpt Simulacrum        Ice/Alch       0%         N/A       100%        6
 Ozocubu's Refrigeration  Ice            0%         4d7       100%        7
 Summon Hydra             Summ           0%         N/A       100%        7
 Polar Vortex             Ice            0%         N/A       100%        9


Dungeon Overview and Level Annotations

Branches:
Dungeon (10/15)            Temple (1/1) D:5             Orc (1/2) D:10
   Lair: D:8-11

Altars:
Ashenzari
Cheibriados
Dithmenos
Elyvilon
Fedhas
Gozag
Hepliaklqana
Kikubaaqudgha
Makhleb
Nemelex Xobeh
Okawaru
Qazlal
Ru
Trog
Uskayaw
Vehumet
Wu Jian
Xom
Yredelemnul
Zin
The Shining One

Shops:
D:2 [[   D:5 *

Annotations:
D:7 3 runed translucent doors, paps's ghost, novice TrBe; sunet's ghost, novice MiFi


Innate Abilities, Weirdness & Mutations

You cannot wear most types of armour.
You are amphibious.
You can wear up to eight rings at the same time.
Your skin changes colour to match your surroundings (Stealth+).
Your rubbery body absorbs attacks. (AC +1, EV +1)
((You are camouflaged when in or above water. (Stealth+)))
You have tentacles for arms and can constrict up to eight enemies at once.


Message History

The warg bites you!
You hit the warg but do no damage.
The warg is moderately wounded.
You hit the warg but do no damage. Your squeeze misses the warg.
The warg is moderately wounded.
The warg misses you.
You hit the warg but do no damage. Your squeeze misses the warg.
The warg is moderately wounded.
The warg completely misses you.
You hit the warg but do no damage. You squeeze the warg, but do no damage.
The warg is moderately wounded.
The warg misses you.
You hit the warg. You squeeze the warg, but do no damage.
The warg is heavily wounded.
You barely miss the warg. You squeeze the warg, but do no damage.
The warg is heavily wounded.
The warg bites you!
You closely miss the warg. Your squeeze misses the warg.
The warg is heavily wounded.
The warg misses you.
You hit the warg but do no damage. You squeeze the warg!
The warg is almost dead.
The warg closely misses you.
You hit the warg but do no damage. Your squeeze misses the warg.
The warg is almost dead.
You hit the warg but do no damage.
The warg is almost dead.
The warg bites you!!
* * * LOW HITPOINT WARNING * * *
You closely miss the warg. You squeeze the warg, but do no damage.
The warg is almost dead.
The warg closely misses you.
You hit the warg but do no damage.
The warg is almost dead.
The warg completely misses you.
You feel better. The warg completely misses you.
You barely miss the warg. You squeeze the warg, but do no damage.
The warg is almost dead.
The warg bites you!!
You die...

.))..................#..
........................
.........................
......##.................
.........................
#......#.................
......###................
#...............
##.......@...#...
#........h<>.#..
##................
#.................
..................
#...#..$......#..#
##.##...#....##.## #
.........## ..........#


You could see a warg.

Vanquished Creatures
  A two-headed ogre (D:6)
  Pikel (D:8)
  Maggie (D:7)
  A komodo dragon (D:10)
  Jeremiah (D:7)
  A kobold demonologist (D:8)
  A troll (D:10)
  6 yaks (D:9)
  A warg (Orc:1)
  An acid dragon (D:10)
  A black bear (D:5)
  8 orc warriors
  3 ice beasts
  3 ogres
  6 centaurs
  4 lemures (D:8)
  A phantom (D:5)
  A bullfrog (D:7)
  14 kobold brigands
  12 wights
  12 killer bees (D:9)
  A howler monkey (D:6)
  2 bombardier beetles
  4 hounds
  2 jellies
  10 orc priests
  Crazy Yiuf (D:7)
  A gnoll bouda (D:9)
  4 iguanas
  Natasha (D:2)
  Terence (D:3)
  13 orc wizards
  3 gnolls (D:9)
  4 adders
  2 white imps
  9 dart slugs
  3 ribbon worms
  49 orcs
  7 bats
  4 endoplasms
  3 giant cockroaches
  7 goblins
  5 hobgoblins
  3 jackals (D:1)
  42 kobolds
  2 quokkas
  8 ball pythons
  4 frilled lizards
  4 rats
279 creatures vanquished.

Notes
Turn   | Place    | Note
-------+----------+-------------------------------------------
     0 | D:1      | Yeti the Octopode Brigand began the quest for the Orb.
     0 | D:1      | Reached XP level 1. HP: 14/14 MP: 1/1
   124 | D:1      | Reached XP level 2. HP: 19/19 MP: 2/2
   199 | D:1      | Reached skill level 6 in Stealth
   318 | D:1      | Reached XP level 3. HP: 20/24 MP: 3/3
   843 | D:2      | Found a faded altar of an unknown god.
   941 | D:2      | Reached XP level 4. HP: 24/29 MP: 4/4
   969 | D:2      | Found Xalihac's Antique Armour Boutique.
  1047 | D:2      | Found Anih's Antique Armour Boutique.
  1096 | D:2      | Noticed Natasha
  1101 | D:2      | Killed Natasha
  1102 | D:2      | Reached skill level 7 in Stealth
  1464 | D:3      | Noticed Terence
  1475 | D:3      | Killed Terence
  1476 | D:3      | Reached XP level 5. HP: 10/34 MP: 5/5
  2431 | D:4      | Reached skill level 8 in Stealth
  2447 | D:4      | Reached XP level 6. HP: 37/39 MP: 6/6
  2857 | D:4      | Identified a scroll of acquirement
  2857 | D:4      | Acquired a manual of Alchemy
  2887 | D:5      | Entered Level 5 of the Dungeon
  2994 | D:5      | Found a staircase to the Ecumenical Temple.
  3009 | Temple   | Entered the Ecumenical Temple
  3072 | Temple   | Became a worshipper of Dithmenos the Shadowed
  3109 | D:5      | Reached skill level 9 in Stealth
  3136 | D:5      | Reached XP level 7. HP: 45/45 MP: 7/7
  3227 | D:5      | Found Dacsan's Fire Supplies.
  3575 | D:5      | Reached skill level 10 in Stealth
  3580 | D:5      | Reached XP level 8. HP: 33/50 MP: 8/8
  3668 | D:5      | Reached skill level 5 in Short Blades
  3841 | D:6      | Reached skill level 11 in Stealth
  3995 | D:6      | Found a glowing silver altar of Zin.
  4100 | D:6      | Reached * piety under Dithmenos
  4263 | D:6      | Reached skill level 5 in Dodging
  4437 | D:6      | Noticed a two-headed ogre
  4439 | D:6      | Reached skill level 12 in Stealth
  4439 | D:6      | Reached XP level 9. HP: 24/54 MP: 9/9
  4565 | D:7      | Found a runed translucent gate.
  4565 | D:7      | Found a runed translucent gate.
  4668 | D:6      | Found a broken altar of Ashenzari.
  4900 | D:6      | Found a radiant altar of Vehumet.
  4908 | D:6      | Found a stormy altar of Qazlal.
  4951 | D:6      | Killed a two-headed ogre
  5101 | D:6      | Found an opulent altar of Gozag.
  5155 | D:7      | Found a runed translucent gate.
  5165 | D:7      | Noticed Jeremiah
  5468 | D:7      | Reached skill level 13 in Stealth
  5640 | D:7      | Found a burning altar of Makhleb.
  5675 | D:7      | Found a glowing golden altar of the Shining One.
  5882 | D:7      | Found a runed translucent door.
  5883 | D:7      | Noticed Crazy Yiuf
  5890 | D:7      | Killed Crazy Yiuf
  5959 | D:7      | Noticed Maggie
  5963 | D:7      | Killed Maggie
  5963 | D:7      | Reached ** piety under Dithmenos
  5964 | D:7      | Reached XP level 10. HP: 60/60 MP: 10/10
  6022 | D:7      | Noticed paps's ghost (novice TrBe)
  6023 | D:7      | Noticed sunet's ghost (novice MiFi)
  6055 | D:7      | Killed Jeremiah
  6421 | D:8      | Noticed Pikel
  6616 | D:8      | Killed Pikel
  6963 | D:8      | Noticed a kobold demonologist
  6978 | D:8      | Killed a kobold demonologist
  6979 | D:8      | Reached skill level 14 in Stealth
  7343 | D:9      | Reached *** piety under Dithmenos
  7675 | D:9      | Reached XP level 11. HP: 64/64 MP: 11/11
  7992 | D:9      | Reached skill level 10 in Short Blades
  8166 | D:10     | Entered Level 10 of the Dungeon
  8172 | D:10     | Reached skill level 15 in Stealth
  8593 | D:10     | Reached **** piety under Dithmenos
  8750 | D:10     | Found a staircase to the Orcish Mines.
  9378 | Orc:1    | Entered Level 1 of the Orcish Mines
  9381 | Orc:1    | Noticed an orc warlord
  9381 | Orc:1    | Noticed an orc sorcerer
  9513 | Orc:1    | Reached skill level 10 in Dodging
  9667 | Orc:1    | Slain by a warg

Illustrated notes

Levels and vault maps discovered:
D:1:      lightli_arrival_isolated_outpost, layout_basic
D:2:      layout_rooms, serial_shops, shop, shop,
          dreamdust_ecumenical_altar_grove, st_stairs_8,
          nicolae_elevator_lobby_asterisk, uniq_natasha
D:3:      layout_loops_ring, kennysheep_nondescript, uniq_terence
D:4:      kennysheep_slugbush, layout_basic
D:5:      layout_rooms, minmay_temple_entry_junction, nicolae_shop_fire_sale
          [nicolae_sub_dead_trees], minmay_door_square
D:6:      layout_rooms, nicolae_overflow_hidden_temple, lemuel_tele_altar,
          minitemple, serial_library_hellmonk_junction,
          wad_floor_pattern_untrapped
D:7:      layout_cave_pools, makhleb_heckhound_becter, general_overflow_altar,
          gammafunk_ghost_cemetery, uniq_jeremiah, uniq_maggie,
          uniq_crazy_yiuf_cottage
D:8:      layout_rooms, special_room [special_room_kobold], dk_rats_in_the_wall,
          uniq_pikel
D:9:      layout_roguey
D:10:     layout_gridville, orc_0_dummy
Temple:   eino_temple_water
Orc:1:    layout_caves, serial_shops, nicolae_shop_back_alley_shop

Skill      XL: |  1  2  3  4  5  6  7  8  9 10 11 |
---------------+----------------------------------+-----
Stealth        | 6 7 8 9 10 12 13 14 15 | 15.1
Dodging        | 2 3 4 5 7 9 10 | 10.0
Short Blades   | 3 4 6 8 9 10 | 10.3
Fighting       | |  2.0
Throwing       | |  2.0

Action                     |  1- 3 |  4- 6 |  7- 9 | 10-12 || total
---------------------------+-------+-------+-------+-------++-------
  Melee: Dagger            |    81 |   131 |   242 |   512 ||   966
         Constrict         |    19 |    20 |    34 |    74 ||   147
         Tentacles         |    10 |    26 |    74 |   151 ||   261
  Throw: Dart              |       |       |     6 |     7 ||    13
    Use: Scroll            |       |    12 |     2 |     8 ||    22
         Potion            |       |       |     2 |     1 ||     3
   Stab: Sleeping          |    13 |    23 |    15 |    23 ||    74
         Distracted        |       |     1 |     1 |     2 ||     4
 Armour: Skin              |    31 |    38 |    93 |    84 ||   246
  Dodge: Dodged            |    44 |    47 |   170 |   326 ||   587

Table legend: (Time is in decaauts)
 A = Elapsed time spent in this place.
 B = Non-inter-level travel time spent in this place.
 C = Inter-level travel time spent in this place.
 D = Time resting spent in this place.
 E = Time spent auto-exploring this place.
 F = Levels seen in this place.
 G = Mean time per level.
                   A        B        C        D        E       F      G
               +--------+--------+--------+--------+--------+-----+--------+
         Total |   9324 |   8514 |    810 |      0 |   5669 |  12 |  777.0 |
       Dungeon |   9000 |   8273 |    727 |      0 |   5542 |  10 |  900.0 |
        Temple |     77 |      4 |     73 |      0 |      0 |   1 |   77.0 |
  Orcish Mines |    246 |    236 |     10 |      0 |    127 |   1 |  246.0 |
               +--------+--------+--------+--------+--------+-----+--------+

Top non-repeatable levels by time:
     D:7: 1411 daAuts
    D:10: 1166 daAuts
     D:5: 958 daAuts
     D:8: 914 daAuts
     D:6: 855 daAuts
     D:9: 838 daAuts
     D:4: 789 daAuts
     D:1: 761 daAuts
     D:3: 716 daAuts
     D:2: 588 daAuts
   Orc:1: 246 daAuts
  Temple: 77 daAuts
